[Event "ICC Open 2015"]
[Site "Internet Chess Club"]
[Date "2015.05.29"]
[Round "7"]
[White "yummy2"]
[Black "playwaycool"]
[Result "1-0"]
[ICCResult "Black forfeits on time"]
[WhiteElo "2674"]
[BlackElo "2336"]
[Opening "Caro-Kann: classical, Flohr variation"]
[ECO "B18"]
[NIC "CK.10"]
[Time "20:37:41"]
[TimeControl "180+0"]

1. e4 c6 2. d4 d5 3. Nd2 dxe4 4. Nxe4 Bf5 5. Ng3 Bg6 6. Nh3 Nd7 7. Nf4 e5 8.
Nxg6 hxg6 9. Be3 Ngf6 10. Be2 exd4 11. Bxd4 Bc5 12. Bc3 O-O 13. O-O Nd5 14.
Bd2 N7f6 15. Bf3 Re8 16. c3 Qd7 17. Qc2 Rad8 18. Rad1 Qc7 19. Bg5 Be7 20. a3
Nb6 21. c4 c5 22. h3 Rxd1 23. Rxd1 Rd8 24. b3 Re8 25. a4 Nc8 26. Ne2 Nd7 27.
Be3 Ne5 28. Bd5 Nb6 29. Nc3 a6 30. Be4 Nc6 31. Qe2 Bf6 32. Nd5 Nxd5 33. Bxd5
Nd4 34. Qd3 Kh8 35. b4 b6 36. a5 bxa5 37. bxc5 Nf5 38. Bc1 Rd8 39. Ba3 Be7
40. Qe2 Nh6 41. Qe3 Nf5 42. Qf3 Nh6 43. Re1 Rc8 44. Qe3 Bxc5 45. Bxc5 Qxc5
46. Qf3 Qf8 47. Bb7 Rb8 48. Bxa6 a4 49. Bb5 a3 50. Ra1 Qc5 51. Qxa3 Qxa3 52.
Rxa3 f6 53. Rc3 g5 54. Bd7 Nf7 55. c5 Ne5 56. c6 Rb1+ 57. Kh2 Rd1 58. c7
Rxd7 59. c8=Q+ Kh7 60. Re3 Kg6 61. Qc2+ Kf7 62. Rxe5 fxe5 63. Qf5+ Ke7 64.
Qxe5+ Kd8 65. Qxg5+ Re7 66. Qg3 {Black forfeits on time} 1-0

[Event "ICC Open 2015"]
[Site "Internet Chess Club"]
[Date "2015.05.29"]
[Round "7"]
[White "Doondoon"]
[Black "Capaman"]
[Result "1-0"]
[ICCResult "Black forfeits on time"]
[WhiteElo "1735"]
[BlackElo "1986"]
[Opening "Dutch defense, Rubinstein variation"]
[ECO "A40"]
[NIC "QO.17"]
[Time "20:37:46"]
[TimeControl "180+0"]

1. d4 e6 2. c4 f5 3. Nc3 Nf6 4. Nf3 d5 5. Bg5 c6 6. e3 Bd6 7. Ne5 Nbd7 8. f4
O-O 9. Bd3 Qe8 10. Qe2 Ne4 11. Bxe4 fxe4 12. O-O-O Nxe5 13. fxe5 Bb4 14.
Rhf1 Bd7 15. c5 Bxc3 16. bxc3 b6 17. cxb6 axb6 18. Kb1 c5 19. Rxf8+ Qxf8 20.
Rf1 Qe8 21. Qg4 Bb5 22. Rf2 Bd3+ 23. Ka1 cxd4 24. exd4 Qg6 25. Qg3 h6 26.
Bf4 Qxg3 27. Bxg3 Ra3 28. Kb2 Ra8 29. Bh4 Bc4 30. Kb1 e3 31. Rb2 b5 32. Bg3
Rf8 33. Rc2 Bd3 34. Kb2 Bxc2 35. Kxc2 Rf1 36. Kd3 Ra1 37. Kxe3 Rxa2 38. Kd3
Kf7 39. Bf4 Ke7 40. h4 Kd7 41. g3 Ke7 42. Be3 Kd7 43. Bf4 Ke7 44. Be3 Ra3
45. Bf4 b4 46. Bd2 bxc3 47. Bxc3 Kf7 48. Kc2 Kg6 49. Kd3 Kh5 50. Kc2 Rxc3+
51. Kxc3 Kg4 52. Kb4 Kxg3 53. Kc5 g5 54. Kd6 {Black forfeits on time} 1-0

[Event "ICC Open 2015"]
[Site "Internet Chess Club"]
[Date "2015.05.29"]
[Round "7"]
[White "MasterZachary"]
[Black "aplusk"]
[Result "0-1"]
[ICCResult "White checkmated"]
[WhiteElo "2232"]
[BlackElo "2837"]
[Opening "Robatsch defense: two knights variation"]
[ECO "B07"]
[NIC "VO.17"]
[Time "20:37:05"]
[TimeControl "180+0"]

1. e4 d6 2. d4 g6 3. Nc3 Bg7 4. Nf3 a6 5. Bc4 e6 6. O-O Ne7 7. e5 b5 8. Bd3
Bb7 9. Ne4 Bxe4 10. Bxe4 d5 11. Bd3 Nd7 12. Bg5 h6 13. Bh4 c5 14. c3 O-O 15.
Nd2 c4 16. Bc2 Rb8 17. a3 a5 18. f4 Nb6 19. g4 Qd7 20. f5 exf5 21. gxf5 Nxf5
22. Rxf5 gxf5 23. Qh5 f6 24. Bxf5 Qf7 25. Qg4 Kh8 26. e6 Qg8 27. Qg6 Nc8 28.
Bg3 Ne7 29. Qh5 Rb6 30. Re1 b4 31. Nf3 bxc3 32. bxc3 Rc8 33. Nh4 Rcc6 34.
Ng6+ Nxg6 35. Qxg6 Rxe6 36. Bxe6 Rxe6 37. Qf5 Rxe1+ 38. Bxe1 Bf8+ 39. Kf1
Qf7 40. Bh4 Kg8 41. Qxf6 Qxf6+ 42. Bxf6 Bxa3 43. Bd8 a4 44. Ke2 Bc1 45. Kd1
Bf4 46. Kc2 Bxh2 47. Be7 Bg3 48. Bc5 h5 49. Kb2 h4 50. Ka3 h3 51. Kxa4 h2
52. Kb5 h1=Q 53. Kc6 Qe4 54. Kb5 Kf7 55. Kc6 Ke6 56. Bb6 Bd6 57. Kb5 Qc2 58.
Kc6 Qb3 59. Bc5 Bxc5 60. dxc5 Qxc3 61. Kc7 Qb4 62. c6 d4 63. Kc8 Qb6 64. c7
Qxc7+ 65. Kxc7 c3 66. Kb8 d3 67. Kb7 d2 68. Kb8 c2 69. Kb7 d1=Q 70. Kb8 c1=Q
71. Ka7 Qb3 72. Ka6 Qca3# {White checkmated} 0-1

[Event "ICC Open 2015"]
[Site "Internet Chess Club"]
[Date "2015.05.29"]
[Round "7"]
[White "Zigfrid"]
[Black "want2win"]
[Result "1-0"]
[ICCResult "Black resigns"]
[WhiteElo "3077"]
[BlackElo "2424"]
[Opening "Grünfeld: Russian, Byrne (Simagin) variation"]
[ECO "D97"]
[NIC "GI.10"]
[Time "20:37:16"]
[TimeControl "180+0"]

1. d4 Nf6 2. c4 g6 3. Nf3 Bg7 4. Nc3 d5 5. Qb3 dxc4 6. Qxc4 O-O 7. e4 Nc6 8.
Bg5 Nd7 9. Rd1 Nb6 10. Qc5 h6 11. Be3 a6 12. d5 Nb8 13. Be2 N8d7 14. Qa3 Qe8
15. O-O e6 16. d6 c6 17. Nd2 Qd8 18. f4 Nf6 19. Bf2 Nbd7 20. Nb3 b6 21. Nd4
Bb7 22. e5 Nd5 23. Nxd5 exd5 24. b4 c5 25. bxc5 bxc5 26. Nb3 c4 27. Na5 Qc8
28. Nxb7 Qxb7 29. Bf3 Rac8 30. Bxd5 Qb5 31. e6 fxe6 32. Bxe6+ Kh7 33. Rb1
Qc6 34. Bxd7 Qxd7 35. Rfd1 Rxf4 36. Qxa6 c3 37. Rbc1 Rc6 38. Qd3 Rf6 39. Bg3
Re6 40. h3 Bf8 41. Kh1 Bg7 42. Rc2 Re8 43. Qb5 Rd8 44. a3 Rxd6 45. Qxd7
R6xd7 46. Rxd7 Rxd7 47. Kh2 Rd2 48. Rc1 Ra2 49. Bf4 Rxa3 50. Re1 c2 51. Re7
Rc3 52. Be5 c1=Q 53. Rxg7+ Kh8 54. Rxg6+ Kh7 55. Rg7+ Kh8 56. Rg3+ Kh7 57.
Bxc3 Qf4 58. Be1 h5 59. Kg1 h4 60. Rf3 Qe4 61. Bf2 Qb1+ 62. Kh2 Qe4 63. Re3
Qf4+ 64. Kg1 Qf6 65. Re1 Qf4 66. Rf1 Qe4 67. Rd1 Qf4 68. Rd4 Qc1+ 69. Kh2
Qc7+ 70. Kh1 Qc1+ 71. Bg1 Qg5 72. Rg4 Kg6 73. Rxg5+ Kxg5 74. Bf2 Kh5 75. Kh2
Kg5 76. g4 hxg3+ 77. Kxg3 Kh5 78. h4 Kh6 79. Kg4 {Black resigns} 1-0

[Event "ICC Open 2015"]
[Site "Internet Chess Club"]
[Date "2015.05.29"]
[Round "7"]
[White "youngjp"]
[Black "Ricardov"]
[Result "0-1"]
[ICCResult "White checkmated"]
[WhiteElo "1981"]
[BlackElo "2335"]
[Opening "Ruy Lopez: closed (10...c5)"]
[ECO "C96"]
[NIC "RL.23"]
[Time "20:37:46"]
[TimeControl "180+0"]

1. e4 e5 2. Nf3 Nc6 3. Bb5 a6 4. Ba4 Nf6 5. O-O Be7 6. Re1 b5 7. Bb3 d6 8.
c3 O-O 9. h3 Na5 10. Bc2 c5 11. d3 Qc7 12. Be3 Nc6 13. Nbd2 d5 14. exd5 Nxd5
15. Nf1 Nxe3 16. Nxe3 Be6 17. Bb3 Rad8 18. Bxe6 fxe6 19. Qb3 Qd6 20. Ng4 Rf5
21. Re3 Bf6 22. Rae1 Qd5 23. Nxf6+ gxf6 24. Qxd5 exd5 25. Nh4 Rf4 26. g3 Ra4
27. a3 c4 28. Nf5 d4 29. cxd4 Nxd4 30. Nxd4 Rxd4 31. dxc4 Raxc4 32. g4 h6
33. b4 Kf7 34. Kg2 Kg6 35. Kg3 h5 36. f3 hxg4 37. fxg4 Rd2 38. h4 Rcc2 39.
h5+ Kg5 40. Rg1 Rc4 41. Rf3 Rxg4+ 42. Kh3 Rxg1 43. h6 Rd4 44. Rf5+ Kxf5 45.
h7 Rh1+ 46. Kg2 Rxh7 47. Kf3 Re4 48. Kf2 Rh3 49. Kg2 Rb3 50. Kf2 Rc4 51. Kg2
Rc2+ 52. Kf1 Rb1# {White checkmated} 0-1

[Event "ICC Open 2015"]
[Site "Internet Chess Club"]
[Date "2015.05.29"]
[Round "7"]
[White "Bagelhead"]
[Black "MaestroASK"]
[Result "0-1"]
[ICCResult "White checkmated"]
[WhiteElo "2328"]
[BlackElo "2616"]
[Opening "King's pawn opening"]
[ECO "B07"]
[NIC "VO.17"]
[Time "20:37:52"]
[TimeControl "180+0"]

1. e4 d6 2. d4 g6 3. Nd2 c6 4. Ngf3 Bg7 5. Bd3 e5 6. c3 f6 7. h3 Nh6 8. a4
a5 9. O-O Nf7 10. Re1 O-O 11. Nc4 Nd7 12. Be3 Qe7 13. Qc2 Bh6 14. Bxh6 Nxh6
15. Rad1 Nf7 16. Ne3 Re8 17. dxe5 dxe5 18. Bc4 Nc5 19. Ng4 Kg7 20. Qc1 Bxg4
21. hxg4 Ng5 22. Nxg5 fxg5 23. Qc2 Red8 24. Rxd8 Rxd8 25. b4 axb4 26. cxb4
Nd7 27. Qc3 Nf6 28. f3 Rd4 29. a5 h5 30. gxh5 gxh5 31. Re2 Qd6 32. Kh2 g4
33. Ba2 Qxb4 34. Qe3 Kg6 35. Rc2 Qxa5 36. Qb3 Rd7 37. Qe6 Qd8 38. Qf5+ Kh6
39. f4 g3+ 40. Kh3 Rg7 41. fxe5 Ng4 42. Bf7 Rg5 43. Qe6+ Kg7 44. Be8 Nxe5
45. Rb2 b5 46. Ra2 Qc7 47. Ra8 Nd3 48. Bd7 Nf2+ 49. Kh4 Qf4+ 50. Qg4 Rxg4+
51. Kxh5 Qg5# {White checkmated} 0-1

[Event "ICC Open 2015"]
[Site "Internet Chess Club"]
[Date "2015.05.29"]
[Round "7"]
[White "TopSpin"]
[Black "Smays"]
[Result "1-0"]
[ICCResult "Black forfeits on time"]
[WhiteElo "1987"]
[BlackElo "1635"]
[Opening "English: symmetrical, three knights system"]
[ECO "A30"]
[NIC "EO.42"]
[Time "20:37:47"]
[TimeControl "180+0"]

1. Nf3 Nf6 2. c4 c5 3. Nc3 d5 4. cxd5 Nxd5 5. e4 Nxc3 6. dxc3 Qxd1+ 7. Kxd1
e6 8. Be3 Be7 9. Kc2 O-O 10. Rd1 Nc6 11. Be2 b6 12. Nd2 Bb7 13. f3 Rfd8 14.
Nc4 Ba6 15. Rxd8+ Rxd8 16. Ne5 Nxe5 17. Bxa6 h6 18. h3 Bh4 19. f4 Ng6 20. f5
exf5 21. exf5 Ne7 22. g4 Nd5 23. Bd2 Re8 24. Bc4 Ne3+ 25. Bxe3 Rxe3 26. Rd1
Rxh3 27. Rd7 Rh2+ 28. Kb3 Rg2 29. Bxf7+ Kf8 30. Bh5 a5 31. Rb7 a4+ 32. Ka3
Bd8 33. Rf7+ Kg8 34. Ra7 b5 35. Ra8 Rd2 36. c4 bxc4 37. Rxa4 Kf8 38. Rxc4
Bb6 39. b3 Ke7 40. Re4+ Kd6 41. Re6+ Kd5 42. Rc6 Kd4 43. Rd6+ Kc3 44. Rxb6
Rd4 45. Rc6 {Black forfeits on time} 1-0

[Event "ICC Open 2015"]
[Site "Internet Chess Club"]
[Date "2015.05.29"]
[Round "7"]
[White "Propugnator"]
[Black "slothchess"]
[Result "1-0"]
[ICCResult "Black forfeits on time"]
[WhiteElo "1785"]
[BlackElo "1482"]
[Opening "Sicilian defense"]
[ECO "B20"]
[NIC "SI.48"]
[Time "20:37:31"]
[TimeControl "180+0"]

1. e4 c5 2. b3 d6 3. Bb2 e6 4. f4 Nf6 5. Nc3 Be7 6. Bd3 Nc6 7. Nge2 Nb4 8.
O-O Nxd3 9. cxd3 a6 10. h3 O-O 11. Kh1 b5 12. Rg1 Bb7 13. Kh2 Qc7 14. Ng3 d5
15. e5 Nd7 16. Qg4 Qc6 17. Nh5 g6 18. Raf1 Kh8 19. Ng3 Rg8 20. Qe2 a5 21.
Nh1 a4 22. Ra1 a3 23. Bc1 b4 24. Nd1 d4 25. Ndf2 Nb6 26. Ne4 Nd5 27. Qf2 Kg7
28. g4 Kf8 29. f5 Ke8 30. f6 Bf8 31. Qh4 h6 32. Qf2 Kd7 33. Nhg3 Kc7 34. h4
Kb6 35. Ne2 Ka7 36. Nf4 Qc7 37. Nxd5 Bxd5 38. Qf4 Rc8 39. Kh3 Kb7 40. Re1
Kb6 41. Ng3 Kb5 42. Rg1 Ba8 43. Ne2 Qc6 44. Qh2 Rc7 45. Qg2 Qa6 46. Qg3 Rc8
47. Nf4 Qb7 48. Qg2 Qa7 49. Qg3 Qa6 50. Ne2 Qc6 51. Rg2 g5 52. h5 Qc7 53.
Rf2 Qa7 54. Rf3 Qb7 55. Ng1 Qc6 56. Rf1 Rd8 57. Qf3 Qa6 58. Qc6+ Bxc6 59.
Nf3 Qb6 60. Nxd4+ {Black forfeits on time} 1-0

[Event "ICC Open 2015"]
[Site "Internet Chess Club"]
[Date "2015.05.29"]
[Round "7"]
[White "Cristhian-ator"]
[Black "Anneay"]
[Result "1-0"]
[ICCResult "Black forfeits on time"]
[WhiteElo "2443"]
[BlackElo "2484"]
[Opening "English opening"]
[ECO "A05"]
[NIC "QP.11"]
[Time "20:38:18"]
[TimeControl "180+0"]

1. Nf3 Nf6 2. c4 g6 3. b4 Bg7 4. Bb2 c6 5. g3 O-O 6. Bg2 d5 7. cxd5 cxd5 8.
O-O a6 9. d3 Nc6 10. a3 Qd6 11. Nbd2 e5 12. e4 dxe4 13. dxe4 Be6 14. Qe2
Rfd8 15. Rfd1 Qc7 16. Rac1 h6 17. Nxe5 Ne8 18. Ndf3 Rxd1+ 19. Qxd1 Rd8 20.
Qe2 Qb6 21. Nxc6 bxc6 22. Bxg7 Kxg7 23. Ne5 Rd6 24. Qb2 Kh7 25. h4 h5 26.
Rc5 Nc7 27. Qc1 Nb5 28. Nxc6 Nxa3 29. e5 Rd3 30. Be4 Rb3 31. Qg5 a5 32.
Qxh5+ Kg7 33. Qg5 axb4 34. Qf6+ Kh7 35. Rc1 Rc3 36. Rxc3 bxc3 37. h5 Bf5 38.
hxg6+ fxg6 39. Bxf5 gxf5 40. Qxf5+ Kg7 41. Qg4+ Kh7 42. Ne7 Qb1+ 43. Kg2
Qb7+ 44. Kh2 Qxe7 45. Qf5+ Kg8 46. Qg4+ Kh8 47. Qd4 Qh7+ 48. Kg2 Nb5 49.
Qd8+ Qg8 50. Qf6+ Qg7 51. Qc6 Qxe5 52. Qc8+ Kg7 53. Qd7+ Kf6 54. Qc6+ Kf5
55. g4+ {Black forfeits on time} 1-0

[Event "ICC Open 2015"]
[Site "Internet Chess Club"]
[Date "2015.05.29"]
[Round "7"]
[White "Alekhinne"]
[Black "sahilmd"]
[Result "0-1"]
[ICCResult "White forfeits on time"]
[WhiteElo "1727"]
[BlackElo "2074"]
[Opening "QGD semi-Slav: 5.e3"]
[ECO "D45"]
[NIC "SL.08"]
[Time "20:37:52"]
[TimeControl "180+0"]

1. Nf3 Nf6 2. d4 e6 3. c4 d5 4. Nc3 c6 5. e3 Bd6 6. Be2 O-O 7. O-O dxc4 8.
Bxc4 b5 9. Bb3 a6 10. h3 Bb7 11. Qe2 Nbd7 12. Rd1 Qe7 13. e4 e5 14. d5 c5
15. Bg5 h6 16. Bh4 c4 17. Bc2 Nc5 18. b4 cxb3 19. axb3 b4 20. Na4 a5 21.
Nxc5 Bxc5 22. Bd3 Qd6 23. Rdc1 Nd7 24. Bg3 Rac8 25. Kh2 Qb6 26. Nxe5 Nxe5
27. Bxe5 Bxf2 28. Qg4 f6 29. Bf4 Bd4 30. Bxh6 f5 31. exf5 Bxa1 32. Rxa1 Qc7+
33. Bf4 Qc3 34. Rd1 Bxd5 35. Bd6 Bxb3 36. Bxf8 Bxd1 37. Qxd1 Rxf8 38. Be2
Qe5+ 39. Kh1 Rxf5 40. Bf3 Rxf3 41. Qxf3 a4 42. Qa8+ Kh7 43. Qxa4 Qe1+ 44.
Kh2 Qe5+ 45. Kg1 Qe1+ {White forfeits on time} 0-1

[Event "ICC Open 2015"]
[Site "Internet Chess Club"]
[Date "2015.05.29"]
[Round "7"]
[White "Gan-Od"]
[Black "littleplotkin"]
[Result "0-1"]
[ICCResult "White forfeits on time"]
[WhiteElo "2211"]
[BlackElo "2368"]
[Opening "English opening"]
[ECO "A15"]
[NIC "EO.64"]
[Time "20:37:24"]
[TimeControl "180+0"]

1. c4 Nf6 2. Nf3 g6 3. g3 Bg7 4. Bg2 O-O 5. O-O Nc6 6. Nc3 d5 7. cxd5 Nxd5
8. d4 Nb6 9. e3 e5 10. dxe5 Nxe5 11. Nxe5 Bxe5 12. Qe2 c6 13. Rd1 Qe7 14. e4
Be6 15. f4 Bg7 16. e5 f6 17. exf6 Bxf6 18. Be3 Rad8 19. Qf2 Qc7 20. Ne4 Bg7
21. a3 Nd5 22. Ng5 Bg4 23. Rd2 h6 24. Ne4 g5 25. Bc5 Rf7 26. Bd4 gxf4 27.
Bxg7 fxg3 28. Qxg3 Qxg3 29. Nxg3 Kxg7 30. Re1 Rdf8 31. h3 Bc8 32. Bxd5 cxd5
33. Rxd5 Bxh3 34. Rd2 Bg4 35. Rg2 Kh8 36. Rh2 Rh7 37. Ne4 h5 38. Nf2 Bf3 39.
Re5 Rg7+ 40. Kf1 Rc8 41. Ke1 Rd7 42. Nh3 Rc1+ 43. Kf2 Rc2+ 44. Kxf3 Rxh2 45.
Rxh5+ Rh7 46. Kg3 Rxh5 47. Kxh2 Rc5 48. Kg3 Rc2 49. Kf3 Rxb2 50. Nf4 Rb3+
51. Ke4 Rxa3 52. Kd4 Ra4+ 53. Ke5 Rxf4 54. Kxf4 Kg7 55. Ke4 Kf7 56. Kd4 Ke7
57. Kc4 Kd7 58. Kb5 Kc7 59. Ka5 a6 60. Kb4 Kc6 61. Ka4 Kc5 62. Kb3 Kb5 63.
Ka3 Ka5 64. Kb3 b5 65. Ka3 Kb6 66. Kb3 a5 67. Ka3 Kc5 68. Kb3 a4+ 69. Ka2
Kc4 70. Kb2 Kb4 71. Ka2 Kc3 72. Ka1 b4 73. Kb1 b3 74. Ka1 a3 75. Kb1 b2 76.
Ka2 Kc2 {White forfeits on time} 0-1

[Event "ICC Open 2015"]
[Site "Internet Chess Club"]
[Date "2015.05.29"]
[Round "7"]
[White "lemanofzorn"]
[Black "TallTower"]
[Result "0-1"]
[ICCResult "White forfeits on time"]
[WhiteElo "1438"]
[BlackElo "1761"]
[Opening "Benkö gambit: main line"]
[ECO "A58"]
[NIC "BI.41"]
[Time "20:37:49"]
[TimeControl "180+0"]

1. d4 Nf6 2. c4 c5 3. d5 b5 4. cxb5 a6 5. bxa6 Bxa6 6. Nc3 g6 7. e4 Bxf1 8.
Kxf1 d6 9. g3 Bg7 10. Nf3 O-O 11. Kg2 Nbd7 12. Re1 Qa5 13. Bd2 Rfb8 14. Qc2
Ne8 15. e5 Nxe5 16. Nxe5 Bxe5 17. Rxe5 dxe5 18. Ne4 Qc7 19. Nxc5 Qd6 20. a3
Qxd5+ 21. Kg1 Rc8 22. b4 Nd6 23. Bh6 Nb7 24. Rd1 Qc6 25. Qc3 Nxc5 26. Qxe5
Ne6 27. Rc1 Qd7 28. Rxc8+ Rxc8 29. b5 Qc7 30. Qb2 Qc2 31. Qe5 Qd1+ 32. Kg2
Qd4 33. Qe2 Qd5+ 34. Kg1 Nd4 35. Qb2 Qe4 36. Be3 Ne6 37. b6 Qb7 38. a4 Rc4
39. a5 Qc6 40. a6 Nc5 41. Bxc5 Rxc5 42. b7 Rc1+ 43. Qxc1 Qxc1+ 44. Kg2 Qc6+
45. Kh3 Qc7 46. f4 Qd7+ 47. Kg2 Qc7 48. Kh3 Qb8 49. Kg4 Kg7 50. f5 gxf5+ 51.
Kxf5 e6+ {White forfeits on time} 0-1

[Event "ICC Open 2015"]
[Site "Internet Chess Club"]
[Date "2015.05.29"]
[Round "7"]
[White "nikenwidiartto"]
[Black "tristanfran"]
[Result "1-0"]
[ICCResult "Black forfeits on time"]
[WhiteElo "1849"]
[BlackElo "1755"]
[Opening "Sicilian: closed, 2...Nc6"]
[ECO "B23"]
[NIC "SI.44"]
[Time "20:37:31"]
[TimeControl "180+0"]

1. e4 c5 2. Nc3 Nc6 3. Bb5 g6 4. Bxc6 bxc6 5. f4 d5 6. Nf3 Bg7 7. d3 Nf6 8.
O-O O-O 9. Qe2 Bb7 10. e5 Ne8 11. b3 e6 12. Na4 Qe7 13. Ba3 Qd8 14. Bxc5 Nc7
15. Bxf8 Bxf8 16. d4 a5 17. Nc5 Bc8 18. Rad1 Bxc5 19. dxc5 a4 20. Rfe1 axb3
21. axb3 Nb5 22. Qe3 Ra2 23. Rd2 Qa5 24. Nd4 Nxd4 25. Qxd4 Rxc2 26. b4 Qa2
27. Rxc2 Qxc2 28. Ra1 Kg7 29. h3 Qe2 30. Ra8 Ba6 31. Kh2 Bd3 32. Ra3 Be4 33.
Rg3 h5 34. h4 Qf1 35. Qe3 Qc4 36. Qc3 Qf1 37. b5 Qxf4 38. b6 Qxh4+ 39. Rh3
Qf4+ 40. Qg3 Qc1 41. Qe3 Qb1 42. Qb3 Qe1 43. b7 Qd2 44. Rg3 h4 45. b8=Q
hxg3+ 46. Qxg3 Qh6+ 47. Kg1 Qc1+ 48. Kh2 Qh6+ 49. Qh3 Qc1 50. Qg3
{Black forfeits on time}
1-0

[Event "ICC Open 2015"]
[Site "Internet Chess Club"]
[Date "2015.05.29"]
[Round "7"]
[White "PITCHUS"]
[Black "munch"]
[Result "0-1"]
[ICCResult "White forfeits on time"]
[WhiteElo "1754"]
[BlackElo "1447"]
[Opening "Réti opening"]
[ECO "A04"]
[NIC "KI.75"]
[Time "20:37:49"]
[TimeControl "180+0"]

1. Nf3 d6 2. g3 Nf6 3. Bg2 c6 4. O-O g6 5. c4 Bg7 6. Nc3 O-O 7. d4 Nbd7 8.
e4 Re8 9. b3 e5 10. dxe5 Nxe5 11. Nxe5 dxe5 12. Qc2 Qe7 13. a4 Be6 14. Ba3
Qc7 15. Rad1 Rad8 16. Rxd8 Rxd8 17. Rd1 Rd4 18. Ne2 Rd8 19. Rd3 Rxd3 20.
Qxd3 Qd7 21. Qd6 Qxd6 22. Bxd6 Ne8 23. Bb8 a6 24. Nc1 b5 25. Bf1 bxa4 26.
bxa4 Nf6 27. Bd3 Bf8 28. Bxe5 Nd7 29. Bd4 c5 30. Bc3 Bg7 31. Bxg7 Kxg7 32.
Nb3 Ne5 33. Be2 Nxc4 34. Bxc4 Bxc4 35. Nxc5 Kf6 36. f3 Ke5 37. Kf2 Kd4 38.
Nd7 Kc3 39. Ke3 Kb4 40. Nb6 Bf1 41. Kd4 Ka5 42. Kc5 Be2 43. f4 Bd3 44. e5
Bc2 45. Nc4+ Kxa4 46. Nd6 Bb3 47. Kb6 a5 48. Nb7 Be6 49. Nxa5 Kb4 50. Nc6+
Kc4 51. Nd8 Bd5 52. Kc7 Kd4 53. Kd6 Bc4 54. Ke7 Ke3 55. Nxf7 Kf2 56. Kf6 Kg2
57. e6 Bxe6 58. Kxe6 Kxh2 59. g4 Kg3 60. f5 gxf5 61. gxf5 h5 62. Ng5 Kg4 63.
Kf6 h4 64. Kg6 Kf4 65. f6 Ke5 66. f7 Kf4 67. f8=Q+ Kg3 68. Qf3+ Kh2
{White forfeits on time}
0-1

[Event "ICC Open 2015"]
[Site "Internet Chess Club"]
[Date "2015.05.29"]
[Round "7"]
[White "blackjack721"]
[Black "Hareaum"]
[Result "0-1"]
[ICCResult "White forfeits on time"]
[WhiteElo "1430"]
[BlackElo "1755"]
[Opening "Scandinavian (center counter) defense"]
[ECO "B01"]
[NIC "VO.17"]
[Time "20:37:47"]
[TimeControl "180+0"]

1. e4 d5 2. e5 c5 3. f4 Nc6 4. Bb5 Qb6 5. a4 Bf5 6. Nc3 e6 7. a5 Qc7 8. a6
b6 9. Qf3 O-O-O 10. g4 Bxc2 11. Nge2 Nge7 12. d3 Nd4 13. Nxd4 cxd4 14. Nxd5
Nxd5 15. Bc4 Bb4+ 16. Kf2 Qc6 17. Rg1 Ne7 18. Rg3 Qxf3+ 19. Rxf3 Bd1 20. Rg3
Nc6 21. b3 Be7 22. Bb2 Bc2 23. g5 Na5 24. Bb5 Rd5 25. Ba4 Bxb3 26. Bxb3 Nxb3
27. Ra4 Nc5 28. Rc4 Kb8 29. Ba3 Rc8 30. h4 Bf8 31. h5 Nxa6 32. Bxf8 Rxc4 33.
dxc4 Rd8 34. Be7 Rd7 35. Bd6+ Kb7 36. f5 Nc5 37. f6 Ne4+ 38. Kf3 Nxg3 39.
Kxg3 gxf6 40. gxf6 Rxd6 41. Kf4 Rd5 42. cxd5 exd5 {White forfeits on time}
0-1

[Event "ICC Open 2015"]
[Site "Internet Chess Club"]
[Date "2015.05.29"]
[Round "7"]
[White "Skyrmion"]
[Black "outubro2"]
[Result "1-0"]
[ICCResult "Black forfeits on time"]
[WhiteElo "1720"]
[BlackElo "1437"]
[Opening "Sicilian: closed"]
[ECO "B23"]
[NIC "SI.44"]
[Time "20:38:10"]
[TimeControl "180+0"]

1. e4 c5 2. Nc3 g6 3. f4 d6 4. Nf3 Bg7 5. Bb5+ Bd7 6. Bc4 Nf6 7. d3 O-O 8.
O-O Nc6 9. Qe1 a6 10. Qh4 b5 11. Bb3 Rb8 12. f5 Nd4 13. Bh6 Nxb3 14. axb3 b4
15. Bxg7 Kxg7 16. fxg6 bxc3 17. gxf7 cxb2 18. Rab1 Kxf7 19. Ng5+ Kg7 20.
Rxf6 Kxf6 21. Rf1+ Ke5 22. Nf3+ Rxf3 23. Rxf3 b1=Q+ 24. Rf1 Qxf1+ 25. Kxf1
Qf8+ 26. Kg1 Qf4 27. Qh5+ Kd4 28. Qd1 Rf8 29. Qa1+ Ke3 30. Qe1+ Kd4 31. Qa1+
Ke3 32. Qe1+ Kd4 33. Qa1+ Ke3 34. Qc1+ Ke2 35. Qxf4 Rxf4 36. h3 Rf1+ 37. Kh2
Rf2 38. Kg3 Be8 39. Kh2 Bf7 40. Kg3 Be6 41. h4 Bf7 42. Kh3 Bh5 43. g4
{Black forfeits on time}
1-0

[Event "ICC Open 2015"]
[Site "Internet Chess Club"]
[Date "2015.05.29"]
[Round "7"]
[White "paraguayo"]
[Black "ChessNakas"]
[Result "0-1"]
[ICCResult "White forfeits on time"]
[WhiteElo "1757"]
[BlackElo "2095"]
[Opening "French: Labourdonnais variation"]
[ECO "C00"]
[NIC "FR.01"]
[Time "20:37:52"]
[TimeControl "180+0"]

1. e4 e6 2. f4 d5 3. e5 c5 4. Nf3 Nc6 5. Bb5 Qb6 6. Bxc6+ bxc6 7. d3 Ba6 8.
Nc3 c4 9. d4 c5 10. Be3 cxd4 11. Bxd4 Bc5 12. Na4 Qa5+ 13. c3 Bxd4 14. Nxd4
Bb5 15. Nc5 Rc8 16. Nb7 Qb6 17. Nd6+ Kd7 18. N6xb5 Nh6 19. Qa4 Ke7 20. Qxa7+
Qxa7 21. Nxa7 Ra8 22. Nab5 Rhb8 23. a4 Nf5 24. Kd2 Nxd4 25. cxd4 g5 26. fxg5
Rg8 27. h4 h6 28. Rhf1 hxg5 29. Nd6 Raf8 30. hxg5 Rxg5 31. Rf2 f6 32. Raf1
f5 33. a5 Rfg8 34. Rg1 Ra8 35. Ra1 Rg3 36. a6 Rb3 37. Kc2 Rd3 38. g4 Rxd4
39. gxf5 exf5 40. Rxf5 Rh4 41. Rf7+ Ke6 42. Re1 Rh2+ 43. Kb1 Rxa6 44. Rf6+
Kd7 45. Nf7 Rxf6 46. exf6 Rf2 47. Ne5+ Kd6 48. f7 Kc5 49. Nd7+ Kd4 50. f8=Q
Rxf8 51. Nxf8 Kc5 {White forfeits on time} 0-1

[Event "ICC Open 2015"]
[Site "Internet Chess Club"]
[Date "2015.05.29"]
[Round "7"]
[White "Sebs"]
[Black "BlackHorse96"]
[Result "0-1"]
[ICCResult "White resigns"]
[WhiteElo "2963"]
[BlackElo "3321"]
[Opening "Queen's Pawn"]
[ECO "A41"]
[NIC "QO.17"]
[Time "20:37:56"]
[TimeControl "180+0"]

1. d4 d6 2. Nf3 g6 3. c4 f5 4. Nc3 Nf6 5. Qc2 Bg7 6. g3 O-O 7. Bg2 Nc6 8.
O-O e5 9. d5 Ne7 10. Ng5 h6 11. Ne6 Bxe6 12. dxe6 c6 13. Rd1 Qc7 14. b3 Rad8
15. Ba3 e4 16. Rab1 Rfe8 17. f3 d5 18. Na4 b6 19. cxd5 Nexd5 20. Rbc1 Rxe6
21. fxe4 Nxe4 22. Bxe4 Rxe4 23. Qxc6 Qxc6 24. Rxc6 Rxe2 25. Rxg6 Kf7 26. Rd6
Rxd6 27. Bxd6 Ne3 28. Rd3 Ng4 29. Bb8 Rxa2 30. Nc3 Ra3 31. Nb5 Ra1+ 32. Kg2
Ra2+ 33. Kg1 Nxh2 34. Bxa7 Ng4 35. Bxb6 Be5 36. Nd4 Kg6 37. Nc6 Ra1+ 38. Kg2
Ra2+ 39. Kg1 Bf6 40. Rd6 Ra1+ 41. Kg2 Ra2+ 42. Kg1 Rb2 43. b4 Rb1+ 44. Kg2
Rb2+ 45. Kg1 Rb3 46. Kg2 Kf7 47. Bc5 h5 48. Rd7+ Ke6 49. Rd6+ Kf7 50. Rd7+
Kg6 51. Rd6 Rb2+ 52. Kg1 h4 53. gxh4 Kh5 54. Rd5 Rb1+ 55. Kg2 Rb2+ 56. Kg3
Bxh4+ 57. Kf4 Bg5+ 58. Kxf5 Re2 59. Bf8 Ne3+ 60. Ke6 Nxd5+ 61. Kxd5 Rf2 62.
Bc5 Rf5+ 63. Kc4 Rf4+ 64. Nd4 Bd8 65. b5 Rf6 66. b6 Bxb6 67. Bxb6 Rxb6 68.
Kd5 Ra6 69. Ne6 Ra5+ 70. Kd6 Ra6+ 71. Kd5 Ra1 72. Kd6 Kg4 73. Nc5 Rd1+ 74.
Ke5 Rc1 75. Ne6 Re1+ 76. Kd5 Rd1+ 77. Nd4 Kf4 78. Kc4 Rc1+ 79. Kd5 Rc8 80.
Ne6+ Ke3 81. Nd4 Rd8+ 82. Ke5 Rxd4 {White resigns} 0-1

[Event "ICC Open 2015"]
[Site "Internet Chess Club"]
[Date "2015.05.29"]
[Round "7"]
[White "jonesey"]
[Black "brizito"]
[Result "0-1"]
[ICCResult "White resigns"]
[WhiteElo "1917"]
[BlackElo "1625"]
[Opening "Sicilian defense"]
[ECO "B20"]
[NIC "SI.48"]
[Time "20:38:10"]
[TimeControl "180+0"]

1. e4 c5 2. c4 Nc6 3. Nc3 d6 4. g3 Nf6 5. Bg2 g6 6. Nge2 Bg7 7. d3 O-O 8.
Rb1 Bd7 9. O-O b6 10. a3 a6 11. b4 Rb8 12. h3 Qc8 13. Kh2 Rb7 14. Be3 e5 15.
Qd2 Qc7 16. Bh6 Nd4 17. Bxg7 Kxg7 18. f4 Nxe2 19. Qxe2 cxb4 20. axb4 Qd8 21.
Qf2 Be6 22. f5 Bd7 23. g4 h6 24. Qg1 b5 25. Bh1 bxc4 26. dxc4 Rc7 27. Nd5
Rxc4 28. Nxf6 Qxf6 29. fxg6 Qxg6 30. Qa7 Rc2+ 31. Bg2 Qxe4 32. Rg1 Bc6
{White resigns}
0-1